cohdb
Replays
Latest Replays
All Replays
Popular Replays
Top Player Replays
Match Explorer
How It Works
Community
CoH3 Stats
Reddit
Sign in to upload your games and track your stats! →
Sign in with Steam
Match 39775705
Unlisted
Match 39775705
Overview
Messages
Build Orders
End
Kettenkrad Recon Vehicle
Selects Mechanized Battlegroup
Construct Infanterie Kompanie
Grenadier Squad
MG 42 Machine Gun Team
Medical Station
MG 42 Bunker
GrW 34 Mortar Team
Construct Panzergrenadier Kompanie
Selects Spotting Scopes
MG 42 Bunker
Support Elements
StuG III G Assault Gun
Nebelwerfer 42 Rocket Launcher Team
MG 42 Machine Gun Team
Pioneer Squad
Construct Panzer Kompanie
Selects Wespe Self-propelled Artillery
Selects Wespe Self-propelled Artillery
Wespe Self-propelled Artillery
Forward Retreat Point
Medical Bunker
Pak 40 Anti-tank Gun Team
Grenadier Squad
Selects Zeroing Artillery Barrage
Selects Raid Package
killall
Ragnar Lothbrok
linms82
Killabiene
Anthony[DG]
zadiralatam
Yakhin_GT
Paravozz
0
0
Comments
sign in to comment!
No comments posted yet!